 Dungeon Crawl Stone Soup version 0.29-a0-221-gceb61267dd (webtiles) character file.

Game seed: 6124455086880139960

51 Ordine the Cudgeller (level 3, 0/23 HPs)
             Began as a Tengu Fighter on Feb 26, 2022.
             Slain by an orc
             ... wielding a +1 short sword of protection
              (3 damage)
             ... on level 2 of the Dungeon.
             The game lasted 00:02:18 (687 turns).

Ordine the Cudgeller (Tengu Fighter)                 Turns: 687, Time: 00:02:19

Health: 0/23       AC:  6    Str: 18    XL:     3   Next: 81%
Magic:  4/4        EV:  9    Int:  8    God:
Gold:   85         SH:  4    Dex: 13    Spells: 2/2 levels left

rFire   . . .      SeeInvis .   f - +1 whip (venom)
rCold   . . .      Faith    .   c - +0 buckler
rNeg    . . .      Spirit   .   b - +0 scale mail
rPois   .          Reflect  .   (helmet restricted)
rElec   .          Harm     .   (no cloak)
rCorr   .          Rampage  .   (no gloves)
Will    .....                   (boots unavailable)
Stlth   ..........              (no amulet)
HPRegen 0.07/turn               (no ring)
MPRegen 0.09/turn               (no ring)

@: no status effects
A: beak, talons 3
a: no special abilities


You were on level 2 of the Dungeon.
You visited 1 branch of the dungeon, and saw 2 of its levels.

You collected 85 gold pieces.

Inventory:

Hand Weapons
 f - a +1 whip of venom (weapon)
Armour
 b - a +0 scale mail (worn)
 c - a +0 buckler (worn)
Scrolls
 a - a scroll of identify {unknown}
 e - a scroll of noise {unknown}
 i - a scroll of brand weapon {unknown}
 j - 2 scrolls of fog {unknown}
Potions
 d - a potion of might
 g - a potion of cancellation {unknown}
 h - a potion of brilliance {unknown}
 k - a potion of invisibility {unknown}
 l - a potion of flight {unknown}


   Skills:
 + Level 3.5 Fighting
 * Level 3.8 Maces & Flails
 - Level 3.2 Armour
 - Level 3.0 Shields


You had 2 spell levels left.
You didn't know any spells.
Your spell library was empty.

Dungeon Overview and Level Annotations

Branches:
Dungeon (2/15)

Altars:


Innate Abilities, Weirdness & Mutations

You have a beak for a mouth.
You have claws for feet.


Message History

The orc wizard is moderately wounded.
A hobgoblin comes into view.
The hobgoblin shouts!
You closely miss the orc wizard.
The orc wizard is moderately wounded.
The orc wizard hits you but does no damage.
The orc barely misses you.
You hit the orc wizard.
The orc wizard is poisoned.
The orc wizard is severely wounded.
The orc wizard points at you and mumbles some strange words.
The magic dart hits you!
Ouch! That really hurt!
The orc hits you with a +0 club.
You are too injured to fight recklessly!
Unknown command.
You hit the hobgoblin but do no damage.
The hobgoblin is poisoned.
You claw the hobgoblin, but do no damage.
The hobgoblin closely misses you.
The orc wizard hits you but does no damage.
You hit the hobgoblin.
The hobgoblin looks as sick as possible!
Your kick misses the hobgoblin.
The hobgoblin is moderately wounded.
The hobgoblin closely misses you.
An endoplasm comes into view.
The hobgoblin barely misses you.
The endoplasm quivers.
You kill the hobgoblin!
You kill the orc wizard!
You hit the orc.
The orc is poisoned.
You claw the orc, but do no damage. You peck the orc, but do no damage.
The orc is lightly wounded.
The endoplasm jiggles.
The orc hits you with a +0 club.
A giant cockroach comes into view.
You hit the orc.
The orc is poisoned.
The orc is moderately wounded.
The orc hits you with a +0 club.
* * * LOW HITPOINT WARNING * * *
The orc hits you with a +1 short sword of protection.
You die...

... #...............
#.... #.............##
#....###...............#
#......................#
#......................#
.........)##.........###
......................>#
...B....oo#......#......
.###..@o.#......#......
#..J..#....#.#.#....
##....#..###........
#....#.......†.....
#..................
##................#
..........##.#....
.......<.....#....
..............


You could see 3 orcs, an endoplasm and a giant cockroach.

Vanquished Creatures
  An orc wizard (D:2)
  3 dart slugs
  3 ball pythons (D:1)
  2 goblins
  4 hobgoblins
  3 quokkas (D:1)
  3 rats
19 creatures vanquished.

Notes
Turn   | Place    | Note
-------+----------+-------------------------------------------
     0 | D:1      | Ordine the Tengu Fighter began the quest for the Orb.
     0 | D:1      | Reached XP level 1. HP: 14/14 MP: 2/2
    85 | D:1      | Found a faded altar of an unknown god.
   215 | D:1      | Reached XP level 2. HP: 19/19 MP: 3/3
   664 | D:2      | Reached XP level 3. HP: 23/23 MP: 4/4
   687 | D:2      | Slain by an orc

Illustrated notes

Levels and vault maps discovered:
D:1:      heliophobic_arrival_enchanted_forest, layout_basic,
          hellmonk_ecumenical_altar_lost_god
D:2:      layout_basic, grunt_decor_fettered, minivault_23

Skill      XL: |  1  2 |
---------------+-------+-----
Maces & Flails | 3 |  3.8
Fighting       | |  3.5
Armour         | |  3.2
Shields        | |  3.0

Action                   || total
-------------------------++-------
Melee: Whip              ||    41
       Kick              ||     7
       Peck              ||     4
Armor: Scale mail        ||    13
Dodge: Dodged            ||    16
Block: Buckler           ||     7

Table legend: (Time is in decaauts)
 A = Elapsed time spent in this place.
 B = Non-inter-level travel time spent in this place.
 C = Inter-level travel time spent in this place.
 D = Time resting spent in this place.
 E = Time spent auto-exploring this place.
 F = Levels seen in this place.
 G = Mean time per level.
                   A        B        C        D        E       F      G
               +--------+--------+--------+--------+--------+-----+--------+
         Total |    686 |    663 |     23 |      0 |    522 |   2 |  343.0 |
       Dungeon |    686 |    663 |     23 |      0 |    522 |   2 |  343.0 |
               +--------+--------+--------+--------+--------+-----+--------+

Top non-repeatable levels by time:
     D:1: 554 daAuts
     D:2: 132 daAuts
